 Dungeon Crawl Stone Soup version 0.31-a0-1029-ge8c24b2130 (webtiles) character file.

Game seed: 759308912066818964

1601912 MackTheKnife the Wrestler (level 25, 252/256 HPs)
             Began as an Octopode Shapeshifter on Nov 18, 2023.
             Was an Initiate of Gozag.
             Escaped with the Orb
             ... and 3 runes!
             The game lasted 01:52:43 (70039 turns).

MackTheKnife the Wrestler (Octopode Shapeshifter)  Turns: 70039, Time: 01:52:44

Health: 252/256    AC: 34    Str: 32    XL:     25   Next: 91%
Magic:  32/32      EV: 36    Int: 22    God:    Gozag
Gold:   2469       SH: 22    Dex: 32    Spells: 30/36 levels left

rFire   + +          .
                       - Unarmed
rCold   + + +        G - +5 kite shield {rC+}
rNeg    + + .        e - +3 crown of Dyrovepreva {rElec Int+2 SInv}
rPois   ∞            E - amulet "Boskoemm" {Acrobat Fly rC+ Int+5}
rElec   +            a - ring of the Hare {EV+10}
rCorr   +            x - ring of willpower
SInv    +            S - +6 ring of dexterity
Will    +++..        k - ring of the Enfolding Gods {Str+6 Dex+2 Slay+3}
Stlth   ++           X - ring "Omaex" {rF+ rCorr Dex+2}
HPRegen 0.62/turn    V - ring "Telli" {rC+ rN+ Str+6}
MPRegen 0.23/turn    l - ring "Onieh" {rF+ rCorr Str+2 Dex+6}
                     R - ring of willpower

%: acrobat
@: statue-form, flying, studying Ice Magic, very slow
A: slow and powerful, torment resistance 1, boosted hp, almost no armour,
amphibious, 8 rings, camouflage 1, (gelatinous body 1), (nimble swimmer 1),
tentacles, wild magic 1
0: Orb of Zot
}: 3/15 runes: barnacled, silver, gossamer
a: Begin Untransformation, Renounce Religion, Potion Petition, Call Merchant,
Bribe Branch


You escaped.
You worshipped Gozag.
Gozag was most pleased with you.
You were a living statue of rough stone.
You visited 10 branches of the dungeon, and saw 48 of its levels.
You also visited: Trove, Sewer, Bailey, Gauntlet and Ice Cave.

You collected 26404 gold pieces.
You spent 5843 gold pieces at shops.
You paid 18092 gold pieces to Gozag.


Innate Abilities, Weirdness & Mutations

You are a living statue of rough stone.
Your actions are slow, but your melee attacks are powerful.
You are resistant to unholy torment.
Your maximum health is greatly increased.
You cannot wear most types of armour.
You are amphibious.
You can wear up to eight rings at the same time.
You are immune to poison.
Your skin changes colour to match your surroundings (Stealth+).
((Your rubbery body absorbs attacks. (AC +1, EV +1)))
((You are camouflaged when in or above water. (Stealth+)))
You have tentacles for arms and can constrict up to eight enemies at once.
Your spells are a little harder to cast, but a little more powerful.


   Skills:
 + Level 22.7 Fighting
 - Level 12.0 Dodging
 - Level 5.0 Stealth
 - Level 15.0 Shields
 + Level 24.2 Unarmed Combat
 - Level 6.0 Spellcasting
 - Level 12.0 Translocations
 - Level 8.0 Evocations
 - Level 20.0 Shapeshifting


You had 30 spell levels left.
You knew the following spells:

 Your Spells              Type           Power      Damage    Failure   Level
a - Manifold Assault      Tloc           67%        N/A       1%          4
b - Blink                 Tloc           100%       N/A       1%          2

Your spell library contained the following spells:

 Spells                   Type           Power      Damage    Failure   Level
 Volatile Blastmotes      Fire/Tloc      84%        2d17      5%          3
 Dimensional Bullseye     Hex/Tloc       21%        N/A       16%         4
 Foxfire                  Conj/Fire      32%        2x1d5     17%         1
 Freeze                   Ice            32%        1d5       17%         1
 Kiss of Death            Conj/Necr      32%        2d7       17%         1
 Magic Dart               Conj           32%        1d4       17%         1
 Necrotise                Necr           32%        1d5       17%         1
 Sandblast                Erth           16%        2d6       17%         1
 Shock                    Conj/Air       32%        1d5       17%         1
 Slow                     Hex            32%        N/A       17%         1
 Call Imp                 Summ           16%        N/A       26%         2
 Cigotuvi's Dreadful Rot  Necr/Pois/Air  16%        N/A       26%         2
 Ensorcelled Hibernation  Hex/Ice        16%        N/A       26%         2
 Passwall                 Tmut/Erth      6%         N/A       26%         2
 Searing Ray              Conj           16%        2d5       26%         2
 Confusing Touch          Hex            8%         N/A       45%         3
 Dazzling Flash           Conj/Hex       16%        N/A       45%         3
 Frozen Ramparts          Ice            16%        1d3       45%         3
 Hailstorm                Conj/Ice       8%         3d4       45%         3
 Ignite Poison            Fire/Tmut/Pois 8%         N/A       45%         3
 Mephitic Cloud           Conj/Pois/Air  8%         N/A       45%         3
 Ozocubu's Armour         Ice            8%         N/A       45%         3
 Sigil of Binding         Hex            8%         N/A       45%         3
 Stone Arrow              Conj/Erth      16%        3d8       45%         3
 Swiftness                Air            8%         N/A       45%         3
 Vampiric Draining        Necr           8%         2d6       45%         3
 Airstrike                Air            4%         2d(1-17)  83%         4
 Anguish                  Hex/Necr       4%         N/A       83%         4
 Brom's Barrelling Bould  Conj/Erth      8%         2d3       83%         4
 Cause Fear               Hex            4%         N/A       83%         4
 Dispel Undead            Necr           8%         3d8       83%         4
 Fulminant Prism          Conj/Hex       4%         3d5       83%         4
 Leda's Liquefaction      Hex/Erth       4%         N/A       83%         4
 Sticky Flame             Conj/Fire      8%         2d3       83%         4
 Summon Ice Beast         Ice/Summ       8%         N/A       83%         4
 Summon Lightning Spire   Summ/Air       8%         N/A       83%         4
 Agony                    Necr           8%         N/A       99%         5
 Alistair's Intoxication  Tmut/Pois      5%         N/A       99%         5
 Borgnjor's Vile Clutch   Necr/Erth      4%         N/A       99%         5
 Iskenderun's Battlesphe  Conj           8%         2d6       99%         5
 Lee's Rapid Deconstruct  Erth           4%         3d5*      99%         5
 Metabolic Englaciation   Hex/Ice        4%         N/A       99%         5
 Summon Mana Viper        Hex/Summ       8%         N/A       99%         5
 Bombard                  Conj/Erth      4%         9d2       100%        6
 Conjure Ball Lightning   Conj/Air       4%         3x3d6     100%        6
 Death Channel            Necr           4%         N/A       100%        6
 Eringya's Noxious Bog    Tmut/Pois      4%         4d6       100%        6
 Plasma Beam              Fire/Air       4%         2x1d14    100%        6
 Starburst                Conj/Fire      4%         6d3       100%        6
 Enfeeble                 Hex            4%         N/A       100%        7
 Haunt                    Necr/Summ      4%         N/A       100%        7
 Malign Gateway           Summ/Tloc      21%        N/A       100%        7
 Monstrous Menagerie      Summ           4%         N/A       100%        7
 Ozocubu's Refrigeration  Ice            4%         4d8       100%        7
 Spellforged Servitor     Conj/Summ      4%         N/A       100%        7
 Discord                  Hex            4%         N/A       100%        8
 Disjunction              Tloc           33%        N/A       100%        8
 Ignition                 Fire           4%         3d4       100%        8
 Infestation              Necr           4%         N/A       100%        8
 Lehudib's Crystal Spear  Conj/Erth      4%         10d3      100%        8
 Maxwell's Capacitive Co  Air            4%         ∞         100%        8
 Summon Horrible Things   Summ           4%         N/A       100%        8
 Chain Lightning          Conj/Air       4%         3d5       100%        9
 Fire Storm               Conj/Fire      4%         8d1       100%        9
 Polar Vortex             Ice            4%         N/A       100%        9
 Shatter                  Erth           4%         3d7*      100%        9
 Animate Armour           Summ/Erth      Unusable   N/A       N/A         4
 Animate Dead             Necr           Unusable   N/A       N/A         4
 Simulacrum               Ice/Necr       Unusable   N/A       N/A         6

Inventory:

Hand Weapons
 U - the +0 mace of Bodily Harmony {protect, SInv, mace}
   (You took it off a yaktaur on level 5 of the Vaults)

   SInv:      It lets you see invisible.
Armour
 e - the +3 crown of Dyrovepreva (worn) {rElec Int+2 SInv}
   (You acquired it on level 1 of the Spider Nest)

   Int+2:     It affects your intelligence (+2).
   rElec:     It insulates you from electricity.
   SInv:      It lets you see invisible.
 h - the +4 tower shield "Yliocei" {rC+ Str+2}
   (You took it off a daeva on level 12 of the Dungeon)

   Str+2:     It affects your strength (+2).
   rC+:       It protects you from cold.
 G - a +5 kite shield of cold resistance (worn)
   (You bought it in a shop on level 2 of the Shoals)
Jewellery
 a - the ring of the Hare (left tentacle) {EV+10}
   (You took it off an ogre mage on level 5 of the Vaults)

   [ring of evasion]

   EV+10:     It affects your evasion (+10).
 k - the ring of the Enfolding Gods (on tentacle) {Str+6 Dex+2 Slay+3}
   (You bought it in a shop on level 4 of the Vaults)

   [ring of strength]

   Str+6:     It affects your strength (+6).
   Dex+2:     It affects your dexterity (+2).
   Slay+3:    It affects your accuracy & damage with ranged weapons and melee
   (+3).
 l - the ring "Onieh" (on tentacle) {rF+ rCorr Str+2 Dex+6}
   (You bought it in a shop on level 2 of the Orcish Mines)

   [ring of dexterity]

   Str+2:     It affects your strength (+2).
   Dex+6:     It affects your dexterity (+6).
   rF+:       It protects you from fire.
   rCorr:     It protects you from acid and corrosion.
 x - a ring of willpower (right tentacle)
   (You took it off a centaur on level 7 of the Dungeon)
 E - the amulet "Boskoemm" (around mantle) {Acrobat Fly rC+ Int+5}
   (You found it in a Gauntlet)

   [amulet of the acrobat]

   Acrobat:   It increases your evasion while moving and waiting.
   Int+5:     It affects your intelligence (+5).
   rC+:       It protects you from cold.
   Fly:       It grants you flight.
 R - a ring of willpower (on tentacle)
   (You bought it in a shop on level 6 of the Dungeon)
 S - a +6 ring of dexterity (on tentacle)
   (You bought it in a shop on level 2 of the Orcish Mines)
 V - the ring "Telli" (on tentacle) {rC+ rN+ Str+6}
   (You found it on level 5 of the Vaults)

   [ring of positive energy]

   Str+6:     It affects your strength (+6).
   rC+:       It protects you from cold.
   rN+:       It protects you from negative energy.
 X - the ring "Omaex" (on tentacle) {rF+ rCorr Dex+2}
   (You took it off a deep elf zephyrmancer on level 3 of the Elven Halls)

   [ring of resist corrosion]

   Dex+2:     It affects your dexterity (+2).
   rF+:       It protects you from fire.
   rCorr:     It protects you from acid and corrosion.
Talismans
 M - a granite talisman (active)
   (You bought it in a shop on level 4 of the Lair of Beasts)
Wands
 v - a wand of flame (56)
   (You found it on level 5 of the Lair of Beasts)
 w - a wand of polymorph (15)
   (You found it on level 7 of the Dungeon)
 D - a wand of digging (9)
   (You found it on level 2 of the Vaults)
 K - a wand of mindburst (44)
   (You found it on level 12 of the Dungeon)
 N - a wand of paralysis (15)
   (You found it on level 3 of the Spider Nest)
 P - a wand of iceblast (30)
   (You found it in an ice cave)
 Z - a wand of light (30)
   (You found it on level 4 of the Shoals)
Scrolls
 d - 4 scrolls of torment {!r}
 i - 6 scrolls of immolation {!r!r}
 j - 8 scrolls of poison {!r}
 o - 2 scrolls of fog
 q - 7 scrolls of teleportation {@r4}
 t - 2 scrolls of revelation
 y - 2 scrolls of silence {!r}
 B - 7 scrolls of fear
 L - 9 scrolls of vulnerability {!r!r}
 O - 3 scrolls of enchant armour
 Q - 2 scrolls of blinking {!r}
 W - 3 scrolls of summoning
Potions
 f - 8 potions of attraction {!q}
 g - 15 potions of curing {@q1}
 m - 8 potions of haste {@q3}
 n - 14 potions of resistance
 r - a potion of invisibility
 s - 6 potions of mutation {!q}
 u - 4 potions of brilliance
 z - 4 potions of enlightenment
 A - a potion of magic
 C - 2 potions of berserk rage {unknown}
 F - 7 potions of ambrosia
 H - 6 potions of might
 J - 6 potions of heal wounds {@q2}
 T - 3 potions of cancellation
Miscellaneous
 b - a phantom mirror
   (You found it on level 2 of the Vaults)
 c - a tin of tremorstones (2/2) {throwing}
   (You found it on level 3 of the Vaults)
 p - a lightning rod (4/4)
   (You found it on level 3 of the Vaults)
 Y - a box of beasts
   (You found it on level 4 of the Shoals)

Dungeon Overview and Level Annotations

Branches:
Dungeon (15/15)            Temple (1/1) D:5            Lair (5/5) D:11
 Shoals (4/4) Lair:2       Spider (4/4) Lair:2        Slime (0/5) Lair:4
    Orc (2/2) D:11            Elf (3/3) Orc:2        Vaults (5/5) D:14
  Crypt (0/3) Vaults:2     Depths (4/4) D:15            Zot (5/5) Depths:4
  Sewer (visited)          Bailey (visited)           IceCv (visited)
Gauntlet (visited)

Altars:
Ashenzari
Cheibriados
Dithmenos
Elyvilon
Fedhas
Gozag
Hepliaklqana
Kikubaaqudgha
Makhleb
Nemelex Xobeh
Okawaru
Qazlal
Ru
Sif Muna
Trog
Uskayaw
Vehumet
Wu Jian
Xom
Yredelemnul
Zin
The Shining One
Lugonu

Shops:
D:5 (   D:6 *(?[=   D:8 *   D:11 =   D:14 :?   Orc:2 [?[==   Elf:1 !   Elf:2 =
Elf:3 ?   Lair:2 *   Lair:4 =   Shoals:1 :   Shoals:2 [[[   Vaults:4 =[
Vaults:5 (:   Depths:1 ::=   Depths:2 !   Depths:4 *[

Portals:
Hell: Depths:1 Depths:2 Depths:3 Depths:4
Abyss: Lair:1 Spider:3 Depths:3 Depths:4
Pandemonium: Depths:2
Ziggurat: Depths:3

Annotations:
D:2 1 runed translucent door, Crazy Yiuf
D:3 exclusion: ogre
Lair:1 2 transporters, Teacamy's ghost, journeyman MiBe
Lair:3 exclusions: hydra, polar bear and wyvern
Lair:4 exclusion: 4 oklob plants
Zot:5 exclusion: 2 upstairs

#...## #.........##
#...#########.#######...
###.............# #.##
##.............#.# #.#.
#>...#...).....#.#######.#.
#.####...###...#...........
#.# #..##.##.[.##########. #.#
#..#...#..## ##. #.#
#..+.8X'..# #.. #.#
#..#...#..# #.. #.#
#..##.##..# ###### #.. #.#
#...###...# #....# #.. #.#
#.........###.##.###.. #.#
#.........##...##.####
####'####.........#...####.#.#
#...................#....##.##
#.....###############.########


You could see an Orb Guardian.


Message History

You squeeze the Orb Guardian, but do no damage.
The Orb Guardian hits you! 😕 HP[-13]
You take 13 damage, and now have 209/256 hp.
You closely miss the Orb Guardian. You squeeze the Orb Guardian.
You kill the Orb Guardian! 😕 HP[+1] No target in view!
No target in view!
A red devil comes into view.
It is wielding a +0 trident. 😕 HP[+1] Unknown command. 😕 HP[+1]
You block the red devil's attack. x2
You thrash the red devil!!!!
You kill the red devil! 😕 HP[+1] No target in view!
No target in view!
A ynoxinul comes into view.
The ynoxinul gestures. 😕 HP[+2]
You regained 2 hp, and now have 215/256 hp.
The ynoxinul gestures. 😕 HP[+1]
The ufetubus shouts!
The ynoxinul gestures.
You block the ufetubus's attack. x2; The ufetubus completely misses you.
You block the ufetubus's attack. The ufetubus completely misses you.
The ufetubus misses you. 😕 HP[+1]
You bludgeon the ynoxinul! You grab the ynoxinul. You constrict the ynoxinul.
You block the ufetubus's attack. x2
The ufetubus hits you but does no damage.
The ufetubus completely misses you.
You thrash the ynoxinul!!!
You kill the ynoxinul!
The ufetubus disappears in a puff of smoke! x6 😕 HP[+1]
You now have 2469 gold pieces (gained 4). 😕 HP[+2]
You regained 2 hp, and now have 220/256 hp. 😕 HP[+1] 😕 HP[+1] 😕 HP[+1] 😕 HP[+1] 😕 HP[+1] 😕 HP[+1] 😕 HP[+1] 😕 HP[+1]
There is a stone staircase leading up here. 😕 HP[+1]
You fly upwards.
Level annotation: exclusion: ogre
There is a stone staircase leading down here. 😕 HP[+2]
You regained 2 hp, and now have 231/256 hp.
There is a stone staircase leading up here.
You fly upwards.
Level annotation: 1 runed translucent door, Crazy Yiuf
There is a stone staircase leading down here.
There is a stone staircase leading up here.
You fly upwards.
There is a stone staircase leading down here. 😕 HP[+22]
You regained 22 hp, and now have 253/256 hp.
There is an open door here.
There is an open door here.
A large abomination comes into view. 😎 HP[+3]
Your hp is fully restored (256).
There is an open door here.
You thrash the large abomination!!!
You destroy the large abomination!
No target in view!
No target in view!
An Orb Guardian comes into view.
Unknown command.
Aiming: Dig
Press: ? - help, Shift-Dir - straight line A rock wall.
This square is covered in magical glow.
The rock shatters into small pieces.
The Orb Guardian completely misses you. You block the Orb Guardian's attack.
The Orb Guardian hits you! 😕 HP[-9]
You take 9 damage, and now have 247/256 hp.
You block the Orb Guardian's attack. 😕 HP[+1]
The Orb Guardian attacks as it pursues you!
The Orb Guardian completely misses you. You block the Orb Guardian's attack.
There is an open door here. 😕 HP[+1]
You block the Orb Guardian's attack. 😕 HP[+1]
The Orb Guardian completely misses you.
There is a staircase leading out of the dungeon here. 😕 HP[+1]
The Orb Guardian completely misses you. You block the Orb Guardian's attack.
You have escaped!

Skill      XL: |  1  2  3  4  5  6  7  8  9 10 11 12 13 14 15 16 17 18 19 20 21 22 23 24 25 |
---------------+----------------------------------------------------------------------------+-----
Stealth        | 2 3 5 |  5.0
Unarmed Combat | 4 7 11 12 14 15 16 18 19 20 21 22 24 | 24.2
Fighting       | 2 3 5 7 8 9 10 12 13 14 16 18 19 21 22 | 22.7
Dodging        | 3 5 7 8 9 10 12 | 12.0
Evocations     | 4 8 |  8.0
Shields        | 8 10 11 14 15 | 15.0
Shapeshifting  | 4 10 11 15 16 19 20 | 20.0
Translocations | 6 12 | 12.0
Spellcasting   | 6 |  6.0

Action                     |  1- 3 |  4- 6 |  7- 9 | 10-12 | 13-15 | 16-18 | 19-21 | 22-24 | 25-27 || total
---------------------------+-------+-------+-------+-------+-------+-------+-------+-------+-------++-------
  Melee: Unarmed           |    54 |    73 |     2 |   590 |  1446 |   967 |   972 |   834 |   185 ||  5123
         Constrict         |    13 |    22 |    62 |   110 |   172 |   208 |   164 |   168 |    33 ||   952
         Tentacles         |    13 |    20 |    51 |   156 |   435 |   297 |   281 |   264 |    56 ||  1573
         Punch             |     1 |     1 |     6 |    61 |   178 |   131 |   160 |   175 |    37 ||   750
         Spear             |       |    26 |   322 |     9 |       |       |       |       |       ||   357
         Maw               |       |       |       |       |   447 |       |       |       |       ||   447
  Throw: Dart              |     1 |     8 |     9 |    10 |   105 |       |       |       |       ||   133
   Cast: Manifold Assault  |       |       |       |       |       |       |    17 |    10 |       ||    27
         Blink             |       |       |       |       |       |       |     3 |       |       ||     3
 Invoke: Call Merchant     |       |       |       |     2 |     3 |     1 |     2 |     1 |       ||     9
         Potion Petition   |       |       |       |       |     1 |     1 |       |       |       ||     2
         Bribe Branch      |       |       |       |       |       |       |       |     1 |     1 ||     2
  Evoke: Wand              |       |       |       |    33 |    15 |     6 |     6 |     2 |     3 ||    65
         Box of beasts     |       |       |       |       |       |     1 |     1 |       |       ||     2
    Use: Scroll            |     3 |     2 |    14 |    11 |    15 |    11 |     2 |    14 |    10 ||    82
         Potion            |       |       |     4 |    14 |     2 |     1 |       |       |     5 ||    26
   Stab: Sleeping          |    14 |    20 |    22 |    19 |    36 |    37 |    37 |    21 |     7 ||   213
         Distracted        |       |     2 |     1 |     8 |    13 |    16 |    17 |    15 |     2 ||    74
         Paralysed         |       |       |       |    18 |     4 |       |       |       |       ||    22
         Invisible         |       |       |       |    13 |     2 |       |       |       |     6 ||    21
 Armour: Skin              |    11 |    28 |    99 |   175 |   379 |   484 |   321 |   292 |    61 ||  1850
  Dodge: Dodged            |    12 |    31 |   170 |   415 |   847 |  1024 |   929 |   616 |   171 ||  4215
  Block: Buckler           |       |       |       |    17 |       |       |       |       |       ||    17
         Kite shield       |       |       |       |   145 |   818 |  1303 |  1063 |   903 |   188 ||  4420
         Form:             |       |       |       |     2 |       |       |       |       |       ||     2
         Beast             |       |       |       |     2 |       |       |       |       |       ||     2
         Maw               |       |       |       |       |     1 |       |       |       |       ||     1
         Statue            |       |       |       |       |     1 |       |       |       |       ||     1

Levels and vault maps discovered:
D:1:      dpeg_arrival_shelter, layout_basic, amethyst_killhole,
          minmay_misc_feat_roman
D:2:      layout_basic, chequers_serial_rivers_micro_a,
          wander_ebering_terrifying_dragon_lair, uniq_crazy_yiuf_cottage
D:3:      layout_loops_cross, uniq_robin
D:4:      layout_gridville, nrook_uturn
D:5:      layout_rooms, minmay_temple_entry_mist, serial_shops, shop,
          serial_bayou, serial_bayou_crossing, serial_bayou_shore_b,
          serial_bayou_pond_c, serial_bayou_pond_b, serial_bayou_shore_a,
          gup_sewer_entry_spiral, minmay_misc_feat_tiny,
          dreamdust_princess_bridge, hangedman_abyss_or_decor_slice,
          minmay_checkerbox
D:6:      layout_gridville, serial_shops, nicolae_shop_bloodbath_and_beyond,
          shop, nicolae_shop_tiny_glass, nicolae_stop_n_shop_1,
          nicolae_shop_tiny_glass
D:7:      layout_basic, lemuel_round_altar, hangedman_decor_growths,
          minmay_holes
D:8:      layout_loops_cross, mainiacjoe_overflow_tiny_flanked,
          hangedman_decor_push, ebering_dispersal_statue_hall
D:9:      layout_loops_ring, mainiacjoe_overflow_cross_hatched
D:10:     layout_grid_maze, enter_bailey_3, minmay_misc_feat_tower,
          uniq_josephine
D:11:     minmay_tri_box, layout_cave_pods, david_lair_shrubbed,
          zombieorc2_lemuel, serial_ice, serial_ice_n, serial_ice_k,
          serial_ice_d, serial_ice_c, serial_ice_h, serial_ice_b,
          kennysheep_generic_room_7, uniq_harold, uniq_nergalle
D:12:     dreamdust_isle_of_ice, layout_long_grid
D:13:     layout_loops_corners, uniq_sonja
D:14:     layout_loops_ring, lightli_vaults_fourway_checkpoint, serial_shops,
          nicolae_shop_tiny_waterfront, grunt_decor_one_mirror,
          portal_ice_cave_entry_ugly_swarm
D:15:     gammafunk_depths_entry_grave, layout_stronghold,
          chequers_serial_rivers_micro_c, feat_on_display
Temple:   nicolae_temple_bog_church
Lair:1:   layout_layer_cave, gammafunk_ghost_abyssal_escape,
          minmay_stone_trees_small, grunt_megastairs_3
Lair:2:   layout_concentric_octagons, elwin_shoals_entry_stream,
          spider_nest_entry_a, gauntlet_entry_generic, serial_forest,
          infiniplex_forest_straight_2, infiniplex_forest_split,
          infiniplex_forest_lined_4_way, infiniplex_forest_straight_2,
          infiniplex_forest_lined_2, infiniplex_forest_end_3,
          infiniplex_forest_lined_corner, infiniplex_forest_pool,
          roderic_carrion_pond, beast_lair_carwin_7
Lair:3:   layout_cellular_growth
Lair:4:   layout_cave_shapes, minmay_slime_entry_oklob_open,
          infiniplex_staircase_pool_2
Lair:5:   guppyfry_lair_end_dragon, layout_misc_corridors,
          hangedman_lair_caniforms_friends, minivault_24, grunt_megastairs_1
Shoals:1: layout_shoals, serial_shops, shop, nicolae_shoals_dead_sea_scrolls
Shoals:2: layout_shoals, serial_shops, shop, shop, shop
Shoals:3: layout_shoals
Shoals:4: shoals_end_grunt_garden, layout_shoals, shoals_ilsuiw_alternative,
          nicolae_shoals_the_drawing_of_the_three
Spider:1: layout_spider_delve, nicolae_spider_bug_shape
Spider:2: layout_spider_delve, drop_trap, hangedman_spider_tarantella_strand
Spider:3: layout_spider_delve, drop_trap, amcnicky_altar_lugonu_corruption,
          uniq_nikola, uniq_mara
Spider:4: hellmonk_spider_rune_endless_swarm, uniq_kirke
Orc:1:    layout_caves, david_defended_altar_orc, uniq_jorgrun
Orc:2:    grunt_orc_community_town_hall, layout_caves,
          grunt_orc_community_big_house_2, grunt_orc_community_big_house_1,
          grunt_orc_community_house_3, grunt_orc_community_house_2,
          grunt_orc_community_house_3, grunt_orc_community_house_1,
          grunt_orc_community_house_2, grunt_orc_community_house_2
Elf:1:    nicolae_elf_arrival_no_cutting_in_line, layout_gridlike, serial_shops,
          nicolae_shop_industrial_runoff, minmay_elf_crystal_heptagon
Elf:2:    nicolae_elf_blades_splatter_lattice
          [nicolae_vaults_blade_armed_guards], layout_geoelf_octagon,
          serial_shops, nicolae_shop_getting_attention, st_stairs_12
Elf:3:    nooodl_elf_gasket, layout_geoelf_octagon
Vaults:1: nicolae_vaults_spaceships, ontoclasm_vaults_loading_screen, v_rooms_4,
          nicolae_vaults_twisting_passages, nicolae_vaults_shrinking_rooms_2,
          grunt_vaults_twisty, v_misc_29, v_alt_pattern_1,
          nicolae_vaults_house_3, ontoclasm_vaults_ligature,
          nicolae_vaults_little_ls, layout_vaults_big_cross
Vaults:2: hangedman_vaults_nails, v_misc_10, hangedman_vaults_locks,
          v_alt_pattern_2, nicolae_vaults_big_ls, v_misc_27,
          nicolae_vaults_angled_halls, v_misc_17,
          nicolae_vaults_ring_of_whatevers, nicolae_vaults_tetromino_L_2,
          nicolae_vaults_apartment_1, layout_vaults_quadrants, uniq_zenata,
          uniq_sojobo
Vaults:3: nicolae_vaults_stepped_doors, nicolae_vaults_two_Ls, v_misc_26,
          nicolae_vaults_closet_pinwheel_4, hangedman_vaults_river_flow,
          nicolae_vaults_storage_room_statues, v_misc_2,
          nicolae_vaults_diamond_1, hangedman_vaults_stretched_pinwheel,
          nicolae_vaults_double_plus_2, nicolae_vaults_stairing_the_circle,
          nicolae_vaults_halls_meeting, nicolae_vaults_little_squares_5,
          vaults_dpeg_doors, vaults_dpeg_diagonal, nicolae_vaults_house_1,
          ontoclasm_vaults_twist, nicolae_vaults_ring_of_whatevers,
          layout_vaults_omnibox
Vaults:4: nicolae_vaults_trapezoid_2, nicolae_vaults_puzzle_piece,
          v_alt_pattern_1, nicolae_vaults_network_quincunx
          [nicolae_vaults_network_quincunx_subvault,
          nicolae_vaults_network_quincunx_subvault,
          nicolae_vaults_network_quincunx_subvault,
          nicolae_vaults_network_quincunx_subvault,
          nicolae_vaults_network_quincunx_subvault], v_misc_33,
          ontoclasm_vaults_idyll, serial_library_hellmonk_big_corner,
          ontoclasm_vaults_idyll, v_misc_11, grunt_vaults_hallway_short,
          vaults_mumra_minichess_inversion, nicolae_vaults_house_1,
          ontoclasm_vaults_shuriken, layout_vaults_maze_snakey, serial_shops,
          shop
Vaults:5
Depths:1: layout_cave_pools, serial_bayou_lagoon_a, hangedman_tar_grid_catacomb,
          nrook_mini_backslash, bh_walls_and_bars, minmay_shop_grove,
          uniq_saint_roka
Depths:2: hangedman_screamer, layout_gridlike, pan_entry, serial_shops,
          nicolae_shop_just_a_little_nook, hellmouth_2, enter_trove_0,
          minmay_staircase_statues, uniq_vv
Depths:3: minmay_coctagon, layout_honeycomb, enter_ziggurat_e,
          ebering_ghost_disaster_area, columned_hall_lemuel,
          nicolae_abyss_entry_one_way_or_another, hell_entry,
          minmay_staircase_statues_hall_large
Depths:4: lemuel_castle_with_subvaults [lemuel_castle_interior_carwin_3],
          layout_honeycomb, nicolae_qazlal_general_emergency, hell_entry,
          abyss_entry_small_statue_room, serial_bayou_shore_b, minmay_shoptagon
Zot:1:    layout_onion_interference, regret_index_zotdec_ex, grunt_ministairs_5
Zot:2:    layout_twisted_circle, regret_index_zotdec_dark_gr,
          st_small_dragon_hoard_4, uniq_tiamat
Zot:3:    layout_gridville, uniq_parghit
Zot:4:    layout_onion, st_small_dragon_hoard_3
Zot:5:    layout_misc_corridors, drop_trap

Notes
Turn   | Place    | Note
-------+----------+-------------------------------------------
     0 | D:1      | MackTheKnife the Octopode Shapeshifter began the quest for
                  | the Orb.
     0 | D:1      | Reached XP level 1. HP: 13/13 MP: 1/1
     0 | D:1      | magus.rc [v1.9.6]
    92 | D:1      | Reached skill level 1 in Stealth
   208 | D:1      | Reached skill level 2 in Stealth
   253 | D:1      | Reached XP level 2. HP: 18/18 MP: 2/2
   477 | D:1      | Reached skill level 3 in Stealth
   751 | D:1      | You add the spells Blink and Manifold Assault to your
                  | library.
   940 | D:2      | Reached XP level 3. HP: 23/23 MP: 3/3
   963 | D:2      | Reached skill level 4 in Stealth
  1235 | D:2      | Reached skill level 5 in Stealth
  1255 | D:2      | Reached XP level 4. HP: 28/28 MP: 4/4
  1620 | D:2      | Found a runed translucent door.
  1621 | D:2      | Noticed Crazy Yiuf
  1902 | D:3      | Noticed an ogre
  2303 | D:3      | Reached skill level 4 in Unarmed Combat
  2499 | D:3      | Noticed Robin
  2524 | D:3      | Killed Robin
  2525 | D:3      | Reached XP level 5. HP: 29/33 MP: 5/5
  2974 | D:4      | Identified the +8 spear of Tumult {pain, Int+3}
  3014 | D:4      | Noticed an ogre
  3027 | D:4      | Noticed a black bear
  3238 | D:4      | Killed an ogre
  3239 | D:4      | Reached skill level 2 in Fighting
  3239 | D:4      | Reached XP level 6. HP: 39/39 MP: 6/6
  3403 | D:4      | Reached skill level 3 in Dodging
  3471 | D:4      | Killed a black bear
  3472 | D:4      | Reached skill level 3 in Fighting
  3650 | D:4      | Reached XP level 7. HP: 41/46 MP: 7/7
  3863 | D:5      | Entered Level 5 of the Dungeon
  3894 | D:5      | Found a staircase to the Ecumenical Temple.
  3903 | Temple   | Entered the Ecumenical Temple
  3910 | Temple   | Became a worshipper of Gozag Ym Sagoz the Greedy
  3976 | D:5      | Reached skill level 4 in Dodging
  4126 | D:5      | Reached skill level 4 in Fighting
  4132 | D:5      | Found Efeemill's Antique Weapon Shoppe.
  4189 | D:5      | Found a glowing drain.
  4193 | Sewer    | Entered a sewer
  4648 | Sewer    | Reached skill level 5 in Dodging
  4886 | D:5      | You pick up a book of Power and begin reading...
  4886 | D:5      | You add the spells Iskenderun's Battlesphere, Bombard and
                  | Spellforged Servitor to your library.
  5019 | D:5      | Reached skill level 5 in Fighting
  5019 | D:5      | Reached XP level 8. HP: 42/55 MP: 8/8
  5282 | D:5      | Reached skill level 6 in Dodging
  5411 | D:4      | Reached skill level 6 in Fighting
  5762 | D:5      | Identified the +0 pair of gloves of Jeiciginups {Rampage
                  | Str+5 Int-4 Dex-4}
  5880 | D:5      | You pick up a book of Annihilations and begin reading...
  5880 | D:5      | You add the spells Chain Lightning, Fire Storm and Shatter
                  | to your library.
  6194 | D:6      | Found Koutucuz's Jewellery Shoppe.
  6204 | D:6      | Reached skill level 7 in Dodging
  6444 | D:6      | Bought a +5 ring of evasion for 432 gold pieces
  6471 | D:6      | Reached skill level 7 in Fighting
  6471 | D:6      | Reached XP level 9. HP: 51/64 MP: 9/9
  6559 | D:6      | Found Uqafyp's Armour Shoppe.
  6600 | D:6      | Found Gaorexkigu's Magic Scroll Shop.
  6637 | D:6      | Bought a scroll of identify for 28 gold pieces
  6637 | D:6      | Bought a scroll of identify for 28 gold pieces
  6637 | D:6      | Bought a scroll of identify for 28 gold pieces
  6825 | D:6      | Found Ybouly's Weapon Boutique.
  7133 | D:6      | Reached skill level 8 in Dodging
  7216 | D:6      | Found Meodapes's General Store.
  7307 | D:6      | Reached skill level 8 in Fighting
  7499 | D:7      | Reached skill level 5 in Unarmed Combat
  7606 | D:7      | Reached skill level 6 in Unarmed Combat
  7962 | D:6      | Reached skill level 7 in Unarmed Combat
  8384 | D:7      | Found a shadowy altar of Dithmenos.
  8420 | D:8      | Identified the "Himel"
  8420 | D:8      | Identified the of Yvofowis
  8420 | D:8      | Identified the of Gaofij
  8637 | D:7      | Reached XP level 10. HP: 59/72 MP: 10/10
  8794 | D:8      | Found a shimmering blue altar of Sif Muna.
  8803 | D:8      | Reached skill level 8 in Unarmed Combat
  8831 | D:8      | HP: 18/72 [gnoll sergeant/+0 trident (15)]
  9753 | D:8      | Bought a potion of heal wounds for 55 gold pieces
 10099 | D:9      | Found a hazy altar of Hepliaklqana.
 10131 | D:9      | Reached skill level 9 in Unarmed Combat
 10144 | D:9      | Noticed a two-headed ogre
 10156 | D:9      | Killed a two-headed ogre
 10302 | D:9      | Reached skill level 10 in Unarmed Combat
 11369 | D:10     | Entered Level 10 of the Dungeon
 11458 | D:10     | Found a flagged portal.
 11482 | Bailey   | Entered a bailey
 11591 | Bailey   | Reached skill level 1 in Evocations
 11617 | Bailey   | Reached skill level 2 in Evocations
 11785 | Bailey   | Reached skill level 3 in Evocations
 11867 | Bailey   | Noticed an orc knight
 11879 | Bailey   | Reached skill level 4 in Evocations
 12029 | Bailey   | Killed an orc knight
 12030 | Bailey   | Reached skill level 11 in Unarmed Combat
 12236 | D:10     | Reached XP level 11. HP: 72/77 MP: 11/11
 12352 | D:10     | Noticed Josephine
 12359 | D:10     | Killed Josephine
 12639 | D:10     | Noticed a two-headed ogre
 12650 | D:10     | Killed a two-headed ogre
 12651 | D:10     | Reached skill level 12 in Unarmed Combat
 12651 | D:10     | Reached skill level 2 in Shields
 13060 | D:10     | Reached skill level 3 in Shields
 13394 | D:11     | Noticed a wolf spider
 13398 | D:11     | HP: 17/77 [wolf spider (19)]
 13402 | D:11     | Killed a wolf spider
 13403 | D:11     | Reached skill level 4 in Shields
 13404 | D:11     | HP: 19/77 [poisoned by a wolf spider]
 13574 | D:11     | You pick up a book of Frost and begin reading...
 13574 | D:11     | You add the spells Freeze, Frozen Ramparts and Hailstorm to
                  | your library.
 13718 | D:6      | Bought 2 potions of curing for 84 gold pieces
 13839 | D:11     | Found a staircase to the Lair.
 13961 | D:11     | Noticed Harold
 13973 | D:11     | Killed Harold
 13974 | D:11     | Reached skill level 5 in Shields
 14168 | D:11     | Noticed a purple ugly thing
 14199 | D:14     | Identified the "Usmyroqi"
 14199 | Lair:1   | Entered Level 1 of the Lair of Beasts
 14251 | Lair:1   | You pick up a book of Geomancy and begin reading...
 14251 | Lair:1   | You add the spells Sandblast, Passwall, Stone Arrow and
                  | Brom's Barrelling Boulder to your library.
 14328 | Lair:1   | Found a transporter.
 14339 | Lair:1   | Noticed a thrashing horror
 14352 | Lair:1   | Reached skill level 6 in Shields
 14682 | Lair:1   | Reached skill level 7 in Shields
 14819 | Lair:1   | Noticed a soul eater
 14826 | Lair:1   | Found a one-way gate to the infinite horrors of the Abyss.
 14826 | Lair:1   | Noticed Teacamy's ghost (journeyman MiBe)
 14841 | Lair:1   | Found a transporter.
 14893 | Lair:1   | Reached skill level 8 in Shields
 14989 | Lair:1   | Reached XP level 12. HP: 82/82 MP: 12/12
 15197 | D:11     | Bought the ring of Zargheowu {rElec rPois rF++ MP-9 Int-4}
                  | for 290 gold pieces
 15408 | Lair:1   | Reached skill level 9 in Shields
 16204 | Lair:2   | Found a gate leading to a gauntlet.
 16219 | Gauntlet | Entered a Gauntlet
 16219 | Gauntlet | Found a transporter.
 16242 | Gauntlet | Noticed a thrashing horror
 16249 | Gauntlet | Noticed a thrashing horror
 16286 | Gauntlet | Found a transporter.
 16298 | Gauntlet | Found a transporter.
 16302 | Gauntlet | Found a transporter.
 16304 | Gauntlet | Noticed a dire elephant
 16318 | Gauntlet | Found a transporter.
 16332 | Gauntlet | Found a transporter.
 16334 | Gauntlet | Noticed a hell hog
 16339 | Gauntlet | Found a transporter.
 16342 | Gauntlet | Found a transporter.
 16363 | Gauntlet | Found a transporter.
 16364 | Gauntlet | Found the ring of Shadows {Umbra +Inv Stlth+}
 16384 | Gauntlet | Found a transporter.
 16384 | Gauntlet | Found a transporter.
 16385 | Gauntlet | Noticed a quicksilver ooze
 16386 | Gauntlet | Found a runed translucent gate.
 16386 | Gauntlet | Found a runed translucent gate.
 16386 | Gauntlet | Found a runed translucent gate.
 16467 | Gauntlet | Identified the amulet "Boskoemm" {Acrobat Fly rC+ Int+5}
 16539 | Gauntlet | Identified the ring "Ipromoig" {rPois rC+ Stlth+}
 16563 | Gauntlet | Reached skill level 10 in Shields
 16702 | Gauntlet | Noticed a minotaur
 16716 | Gauntlet | Identified the staff "Osiwoa Eruw" {rPois rC+ SInv Poison}
 17338 | Lair:2   | Found a staircase to the Shoals.
 17353 | Lair:2   | HP: 20/84 [merfolk/+0 trident (18)]
 17592 | Lair:2   | Reached skill level 9 in Dodging
 17726 | Lair:2   | Reached skill level 9 in Fighting
 18038 | Lair:2   | Found a hole to the Spider Nest.
 19025 | Lair:3   | HP: 18/86 [blink frog (16)]
 19422 | Lair:3   | Gained mutation: Your body sometimes deteriorates upon
                  | taking damage. [potion of mutation]
 19423 | Lair:3   | Lost mutation: Your body sometimes deteriorates upon taking
                  | damage. [potion of mutation]
 19423 | Lair:3   | Gained mutation: Your spells are a little harder to cast,
                  | but a little more powerful. [potion of mutation]
 19496 | Lair:3   | Reached skill level 4 in Shapeshifting
 19997 | Lair:3   | Noticed a seven-headed hydra
 20281 | Lair:4   | Noticed a catoblepas
 20358 | Lair:3   | Reached XP level 13. HP: 79/92 MP: 4/13
 20471 | Lair:3   | Reached skill level 10 in Dodging
 20846 | Lair:3   | Reached skill level 10 in Fighting
 20857 | Lair:3   | Reached skill level 5 in Shapeshifting
 21288 | Lair:4   | Reached skill level 6 in Shapeshifting
 21595 | Lair:4   | Reached skill level 7 in Shapeshifting
 21608 | Lair:4   | HP: 23/92 [elephant (12)]
 22152 | Lair:4   | Reached skill level 8 in Shapeshifting
 22627 | Lair:4   | Reached skill level 9 in Shapeshifting
 23540 | Lair:4   | Reached skill level 10 in Shapeshifting
 23850 | Lair:4   | Found a staircase to the Slime Pits.
 23893 | Lair:5   | Entered Level 5 of the Lair of Beasts
 24483 | Lair:4   | Reached XP level 14. HP: 46/99 MP: 5/14
 25344 | Lair:5   | Reached skill level 11 in Fighting
 25926 | Lair:5   | Reached skill level 13 in Unarmed Combat
 27054 | Lair:5   | Reached skill level 12 in Fighting
 27792 | D:12     | Reached skill level 14 in Unarmed Combat
 28190 | D:11     | Found a staircase to the Orcish Mines.
 28357 | D:11     | You pick up a book of Hexes and begin reading...
 28357 | D:11     | You add the spells Anguish, Cause Fear and Enfeeble to your
                  | library.
 28367 | Orc:1    | Entered Level 1 of the Orcish Mines
 28810 | Orc:2    | Entered Level 2 of the Orcish Mines
 28995 | Orc:1    | Noticed Jorgrun
 29049 | Orc:1    | Noticed an orc warlord
 29378 | Orc:2    | Found a staircase to the Elven Halls.
 29569 | Orc:2    | Noticed an orc warlord
 29651 | Orc:2    | Reached skill level 11 in Shapeshifting
 30396 | Orc:2    | Found Hinigreju's Antique Armour Boutique.
 30563 | Orc:2    | Found Lops's Magic Scroll Shoppe.
 30577 | Orc:2    | Bought 3 scrolls of teleportation for 99 gold pieces
 30577 | Orc:2    | Bought a scroll of teleportation for 33 gold pieces
 30577 | Orc:2    | Bought a scroll of immolation for 44 gold pieces
 30645 | Orc:2    | Killed an orc warlord
 30810 | Orc:2    | Reached XP level 15. HP: 108/108 MP: 6/15
 30853 | Orc:2    | Found Buvyni's Antique Weapon Shoppe.
 30866 | Orc:2    | Found Nekluaq's Antique Armour Emporium.
 30972 | Orc:2    | Bought the ring "Onieh" {rF+ rCorr Str+2 Dex+6} for 598
                  | gold pieces
 31040 | D:11     | Noticed Nergalle
 31055 | D:11     | Killed Nergalle
 31435 | D:11     | You pick up a book of Spectacle and begin reading...
 31435 | D:11     | You add the spells Volatile Blastmotes, Dazzling Flash,
                  | Starburst and Maxwell's Capacitive Coupling to your
                  | library.
 31541 | D:11     | Reached skill level 12 in Shapeshifting
 32691 | D:12     | You pick up a book of Armaments and begin reading...
 32994 | D:13     | Reached skill level 13 in Shapeshifting
 33504 | D:13     | You pick up a book of Death and begin reading...
 33504 | D:13     | You add the spells Haunt and Infestation to your library.
 33816 | D:13     | Noticed Sonja
 33817 | D:13     | Sonja changed into Sonja the ogre
 33817 | D:13     | Noticed Sonja
 33818 | D:13     | Killed Sonja the ogre
 33911 | D:13     | Identified the +2 leather armour "Igoolal" {Str+3 Int+2}
 34666 | Lair:4   | Bought a granite talisman for 1020 gold pieces
 34915 | D:14     | Found a frozen archway.
 34974 | D:14     | Reached skill level 14 in Shapeshifting
 35009 | IceCv    | Entered an ice cave
 35423 | IceCv    | Reached skill level 15 in Shapeshifting
 35492 | IceCv    | Reached XP level 16. HP: 114/114 MP: 7/16
 35698 | IceCv    | Identified the +0 hat of Conscience {+Blink rPois Dex+4}
 36029 | D:14     | Found Qeask's Book Shop.
 36277 | D:14     | Reached skill level 16 in Shapeshifting
 36398 | D:14     | Found a gate to the Vaults.
 36886 | D:15     | Entered Level 15 of the Dungeon
 37534 | D:15     | Found a staircase to the Depths.
 37560 | D:15     | Reached skill level 11 in Shields
 38211 | Lair:1   | magus.rc [v1.9.6]
 38263 | Shoals:1 | Entered Level 1 of the Shoals
 38440 | D:6      | Bought a ring of willpower for 300 gold pieces
 38614 | Shoals:1 | Found the +8 Vampire's Tooth {megavamp}
 38643 | Shoals:1 | Reached skill level 13 in Fighting
 39321 | Shoals:1 | Found Quosas's Book Emporium.
 39568 | Shoals:2 | Found Obuagh's Armour Shoppe.
 39573 | Shoals:2 | Reached skill level 15 in Unarmed Combat
 39582 | Shoals:2 | Reached XP level 17. HP: 123/123 MP: 8/17
 39715 | Shoals:2 | Found Neblun's Armour Shoppe.
 39917 | Shoals:2 | Found Luf Diqu's Antique Armour Shop.
 39925 | Shoals:2 | Bought a shiny kite shield for 292 gold pieces
 40041 | Shoals:2 | Reached skill level 12 in Shields
 40637 | Shoals:3 | You pick up a book of Winter and begin reading...
 40637 | Shoals:3 | You add the spells Ozocubu's Armour and Metabolic
                  | Englaciation to your library.
 40695 | Shoals:3 | Reached skill level 14 in Fighting
 40956 | Shoals:3 | Reached skill level 16 in Unarmed Combat
 41259 | Shoals:3 | Noticed a kraken
 41285 | Shoals:4 | Entered Level 4 of the Shoals
 41497 | Shoals:4 | Reached skill level 13 in Shields
 41548 | Shoals:4 | Identified the +9 plate armour of the Immovable Violins
                  | {Str+2}
 41889 | Shoals:4 | Reached skill level 14 in Shields
 42016 | Shoals:4 | Identified the +3 great sword of Wuphoik {elec, Int+2}
 42175 | Shoals:4 | You pick up a book of Beasts and begin reading...
 42175 | Shoals:4 | You add the spells Summon Ice Beast, Summon Mana Viper and
                  | Monstrous Menagerie to your library.
 42255 | Shoals:4 | HP: 36/162 [alligator snapping turtle (34)]
 42281 | Shoals:4 | HP: 31/162 [alligator snapping turtle (23)]
 42292 | Shoals:4 | HP: 27/162 [merfolk impaler/+0 trident (12)]
 42297 | Shoals:4 | Reached XP level 18. HP: 31/131 MP: 9/18
 42599 | Shoals:4 | Reached skill level 15 in Shields
 42864 | Shoals:4 | You pick up a book of Ice and begin reading...
 42864 | Shoals:4 | You add the spells Ozocubu's Refrigeration and Polar Vortex
                  | to your library.
 43263 | Shoals:4 | Identified the +10 great sword of Proximity {drain, Fly
                  | rPois}
 43287 | Shoals:4 | Noticed Ilsuiw
 43293 | Shoals:4 | Killed Ilsuiw
 43407 | Shoals:4 | Reached skill level 11 in Dodging
 43702 | Shoals:4 | Got a barnacled rune of Zot
 44156 | Orc:1    | Killed Jorgrun
 44215 | Orc:2    | Bought a +6 ring of dexterity for 360 gold pieces
 44215 | Orc:2    | Bought a +6 ring of strength for 360 gold pieces
 45049 | Spider:1 | Entered Level 1 of the Spider Nest
 45055 | Spider:1 | Learned a level 4 spell: Manifold Assault
 45173 | Spider:1 | Reached skill level 5 in Evocations
 45258 | Spider:1 | Reached skill level 12 in Dodging
 45348 | Spider:1 | Reached skill level 6 in Evocations
 45427 | Spider:1 | Identified a scroll of acquirement
 45428 | Spider:1 | Acquired the +3 crown of Dyrovepreva {rElec Int+2 SInv}
 45428 | Spider:1 | Found the +3 crown of Dyrovepreva {rElec Int+2 SInv}
 45499 | Spider:1 | You pick up a book of Armaments and begin reading...
 45648 | Spider:1 | You pick up a book of Touch and begin reading...
 45648 | Spider:1 | You add the spells Kiss of Death, Confusing Touch and
                  | Dispel Undead to your library.
 45671 | Spider:1 | You pick up a book of Iron and begin reading...
 45671 | Spider:1 | You add the spells Summon Lightning Spire and Lee's Rapid
                  | Deconstruction to your library.
 45761 | Spider:1 | Reached skill level 7 in Evocations
 46212 | Spider:2 | Reached skill level 8 in Evocations
 46279 | Spider:2 | You pick up a book of Beasts and begin reading...
 46596 | Spider:2 | Identified the +0 ring mail "Jival" {Harm rPois Str+4}
 46878 | Spider:2 | You pick up a book of Ice and begin reading...
 47416 | Spider:3 | Noticed Nikola
 47473 | Spider:3 | Noticed Mara
 47541 | Spider:3 | Killed Mara
 47542 | Spider:3 | Reached XP level 19. HP: 137/137 MP: 10/19
 47718 | Spider:3 | Found a corrupted altar of Lugonu.
 47767 | Spider:3 | Killed Nikola
 47768 | Spider:3 | Reached skill level 15 in Fighting
 47893 | Spider:3 | Reached skill level 17 in Unarmed Combat
 48002 | Spider:3 | Identified the +0 broad axe "Veitwyor" {drain, rPois rF-
                  | rCorr Dex+2}
 48315 | Spider:4 | Entered Level 4 of the Spider Nest
 48550 | Spider:4 | Noticed Kirke
 48561 | Spider:4 | Killed Kirke
 49065 | Spider:4 | Reached skill level 16 in Fighting
 49123 | Spider:4 | Found the +0 pair of fencer's gloves {Riposte Dex+3}
 49126 | Spider:4 | Got a gossamer rune of Zot
 49744 | D:14     | Bought a scroll of teleportation for 42 gold pieces
 49768 | Vaults:1 | Entered Level 1 of the Vaults
 49847 | Vaults:1 | Reached skill level 18 in Unarmed Combat
 49884 | Vaults:1 | Reached skill level 1 in Translocations
 49895 | Vaults:1 | Reached skill level 2 in Translocations
 49973 | Vaults:1 | Reached skill level 3 in Translocations
 50138 | Vaults:1 | Reached skill level 4 in Translocations
 50526 | Vaults:1 | Reached skill level 5 in Translocations
 50713 | Vaults:1 | Reached skill level 6 in Translocations
 51012 | Vaults:2 | Reached XP level 20. HP: 147/147 MP: 11/20
 51068 | Vaults:2 | Noticed Zenata
 51084 | Vaults:2 | Zenata changed into Zenata the goliath frog
 51084 | Vaults:2 | Noticed Zenata
 51086 | Vaults:2 | Killed Zenata the goliath frog
 51229 | Vaults:2 | Identified the +1 halberd of Execution {drain, rCorr}
 51267 | Vaults:2 | Reached skill level 7 in Translocations
 51417 | Vaults:2 | Found a staircase to the Crypt.
 51620 | Vaults:2 | Reached skill level 8 in Translocations
 51825 | Vaults:2 | You pick up a book of Spectacle and begin reading...
 51864 | Vaults:2 | Reached skill level 9 in Translocations
 52052 | Vaults:2 | Reached skill level 10 in Translocations
 52074 | Vaults:2 | Reached skill level 1 in Spellcasting
 52090 | Vaults:2 | Reached skill level 2 in Spellcasting
 52180 | Vaults:2 | Learned a level 2 spell: Blink
 52299 | Vaults:2 | Noticed Sojobo
 52319 | Vaults:2 | Killed Sojobo
 52320 | Vaults:2 | Reached skill level 3 in Spellcasting
 52553 | Vaults:2 | Reached skill level 4 in Spellcasting
 52553 | Vaults:2 | Reached skill level 11 in Translocations
 53053 | Vaults:3 | Reached skill level 12 in Translocations
 53080 | Vaults:3 | You add the spells Malign Gateway and Summon Horrible
                  | Things to your library.
 53275 | Vaults:3 | You pick up a book of Minor Magic and begin reading...
 53275 | Vaults:3 | You add the spells Magic Dart, Call Imp and Mephitic Cloud
                  | to your library.
 53334 | Vaults:3 | Reached skill level 5 in Spellcasting
 53442 | Vaults:3 | Reached skill level 6 in Spellcasting
 54010 | Vaults:3 | Reached XP level 21. HP: 153/153 MP: 21/30
 54766 | Vaults:4 | Found Vipryel's Armour Shoppe.
 55288 | Vaults:4 | Identified the +1 long sword "Arbiter" {pain, Will++ Dex+3}
 55405 | Vaults:4 | Reached skill level 17 in Fighting
 55556 | Vaults:4 | Bought the ring of the Enfolding Gods {Str+6 Dex+2 Slay+3}
                  | for 777 gold pieces
 55875 | Elf:1    | Entered Level 1 of the Elven Halls
 55891 | Elf:1    | Reached skill level 19 in Unarmed Combat
 56252 | Elf:1    | You pick up a book of Conjurations {@e2} and begin
                  | reading...
 56252 | Elf:1    | You add the spells Searing Ray and Fulminant Prism to your
                  | library.
 56264 | Elf:1    | Found Zool's Distillery.
 56271 | Elf:1    | Bought a potion of heal wounds for 75 gold pieces
 56271 | Elf:1    | Bought a potion of heal wounds for 75 gold pieces
 56283 | Elf:1    | You pick up a book of Burglary and begin reading...
 56283 | Elf:1    | You add the spells Ensorcelled Hibernation and Swiftness to
                  | your library.
 56690 | Elf:2    | Found Epnuanuty's Jewellery Emporium.
 56932 | Elf:2    | Paralysed by an air elemental for 1 turns
 57061 | Elf:2    | Found a runed translucent gate.
 57061 | Elf:2    | Found a runed translucent gate.
 57069 | Elf:2    | Found a runed translucent gate.
 57183 | Elf:2    | Reached skill level 18 in Fighting
 57270 | Elf:2    | Reached XP level 22. HP: 165/165 MP: 22/31
 57280 | Elf:2    | Reached skill level 20 in Unarmed Combat
 57871 | Elf:3    | Identified the of Tazorifa
 57871 | Elf:3    | Identified the of Ohip
 57871 | Elf:3    | Entered Level 3 of the Elven Halls
 58237 | Elf:3    | Identified the +0 battleaxe "Ruacun" {pain, rPois rN+
                  | Stlth+}
 58248 | Elf:3    | Paralysed by an air elemental for 1 turns
 58259 | Elf:3    | Identified the +4 triple sword of Destruction {freeze,
                  | rF+++ rC+ rN++ Will-}
 58264 | Elf:3    | Reached skill level 17 in Shapeshifting
 58447 | Elf:3    | Identified the +0 robe of Lust {rPois rN+++ MP-9 Archmagi}
 58447 | Elf:3    | Identified the ring of Terra Nullius {Ice *Corrode rPois
                  | rN++ Str+4}
 58447 | Elf:3    | Identified the +4 robe of Ecutaug {rF+++ rC- SInv Stlth+}
 58537 | Elf:3    | Identified the +0 leather armour of Vasayxt {+Inv Will+++
                  | Dex-4 SInv}
 58555 | Elf:3    | Identified the +11 great sword "Tomneqeo" {flame, *Noise
                  | rN+ Str+4}
 58612 | Elf:3    | Reached skill level 18 in Shapeshifting
 58622 | Elf:3    | Identified the +8 lajatang of Fedhas's Castigation {freeze,
                  | *Noise rC+ rCorr}
 58622 | Elf:3    | Identified the ring "Omaex" {rF+ rCorr Dex+2}
 58639 | Elf:3    | You add the spells Dimensional Bullseye and Discord to your
                  | library.
 58644 | Elf:3    | You add the spells Necrotise and Agony to your library.
 59179 | Elf:3    | You pick up a book of Decay and begin reading...
 59179 | Elf:3    | You add the spells Cigotuvi's Dreadful Rot and Death
                  | Channel to your library.
 59276 | Elf:3    | Bought a scroll of teleportation for 42 gold pieces
 59276 | Elf:3    | Bought a scroll of teleportation for 42 gold pieces
 59276 | Elf:3    | Bought a scroll of teleportation for 42 gold pieces
 59276 | Elf:3    | Bought a scroll of enchant armour for 105 gold pieces
 59650 | Depths:1 | Entered Level 1 of the Depths
 59696 | Depths:1 | Noticed Saint Roka
 59885 | D:15     | Killed Saint Roka
 60194 | Depths:1 | You pick up a book of the Earth and begin reading...
 60279 | Depths:1 | Reached skill level 19 in Shapeshifting
 60317 | Depths:1 | Found a gateway to Hell.
 60370 | Depths:1 | Found Usmot's Book Emporium.
 60371 | Depths:1 | Found Ciudd's Jewellery Boutique.
 60372 | Depths:1 | Found Gaddamiu's Book Emporium.
 60419 | Depths:1 | You pick up a book of Ice and begin reading...
 60625 | Depths:1 | magus.rc [v1.9.6]
 60644 | Depths:2 | Found a portal to a secret trove of treasure.
 61706 | Depths:2 | You paid a toll of a +6 demon trident to enter a treasure
                  | trove
 61707 | Trove    | Entered a treasure trove
 61714 | Trove    | Identified the +1 hat of Makhleb's Grace {Int+5}
 61721 | Trove    | Identified the amulet of Muiz {Acrobat Contam rElec rC+++
                  | Str-4}
 62594 | Depths:2 | Reached XP level 23. HP: 171/171 MP: 32/32
 62883 | Depths:2 | You pick up a book of Fire and begin reading...
 62883 | Depths:2 | You add the spells Foxfire and Plasma Beam to your library.
 62997 | Depths:2 | Found a one-way gate leading to the halls of Pandemonium.
 63127 | Depths:2 | Noticed Vv
 63138 | Depths:2 | Reached skill level 20 in Shapeshifting
 63152 | Depths:2 | You add the spells Alistair's Intoxication, Borgnjor's Vile
                  | Clutch and Eringya's Noxious Bog to your library.
 63153 | Depths:2 | Identified the +5 demon whip of the Festooned God {heavy,
                  | rF+ Int+2}
 63312 | Depths:2 | Found Cilawkax's Distillery.
 63344 | Depths:2 | Killed Vv
 63465 | Depths:2 | Bought a potion of heal wounds for 80 gold pieces
 63465 | Depths:2 | Bought a potion of haste for 160 gold pieces
 63465 | Depths:2 | Bought a potion of haste for 160 gold pieces
 63973 | Depths:3 | Noticed Louise
 63976 | Depths:3 | Killed Louise
 63995 | Depths:3 | Found a large runed translucent door.
 63995 | Depths:3 | Found a large runed translucent door.
 63999 | Depths:3 | Noticed Rehacw's ghost (adept HOMo)
 64010 | Depths:3 | Killed Rehacw's ghost
 64011 | Depths:3 | Identified the ring of the Median {AC+4 Int+4}
 64345 | Depths:2 | Bought a potion of might for 64 gold pieces
 64345 | Depths:2 | Bought a potion of might for 64 gold pieces
 64345 | Depths:2 | Bought a potion of might for 64 gold pieces
 64464 | Depths:4 | Entered Level 4 of the Depths
 64616 | Depths:4 | You pick up a book of Necromancy and begin reading...
 64866 | Depths:3 | Reached skill level 19 in Fighting
 65009 | Depths:3 | Reached skill level 21 in Unarmed Combat
 65140 | Depths:3 | Got the +5 broad axe "Plog" {freeze, rPois rC- Dex+4
                  | Stlth+, axe}
 65198 | Depths:3 | Found a one-way gateway to a ziggurat.
 65536 | Depths:4 | Found Qasih's Antique Armour Shop.
 65536 | Depths:4 | Found Beisipits's General Store.
 65614 | Depths:4 | Found a stormy altar of Qazlal.
 65730 | Depths:4 | Noticed a golden dragon
 65735 | Depths:4 | Killed a golden dragon
 65736 | Depths:4 | Reached XP level 24. HP: 181/181 MP: 32/32
 66281 | Depths:4 | Reached skill level 20 in Fighting
 66548 | Depths:4 | Reached skill level 22 in Unarmed Combat
 66591 | Depths:4 | Found a gate to the Realm of Zot.
 66599 | Depths:4 | You add the spells Ignite Poison, Sticky Flame and Ignition
                  | to your library.
 67058 | Vaults:5 | Entered Level 5 of the Vaults
 67100 | Vaults:5 | Found Qemnar's Book Emporium.
 67114 | Vaults:5 | Identified the staff "Potz" {rElec rC- Will+ Ice Air}
 67262 | Vaults:5 | an ogre mage comes into view. It is wielding a +0 war axe
                  | of freezing and wearing the ring of the Hare {EV+10}.
 67355 | Vaults:5 | Reached skill level 21 in Fighting
 67567 | Vaults:5 | You pick up a book of Debilitation and begin reading...
 67567 | Vaults:5 | You add the spells Slow and Sigil of Binding to your
                  | library.
 67572 | Vaults:5 | Got a silver rune of Zot
 67605 | Vaults:5 | Identified the +0 mace of Bodily Harmony {protect, SInv}
 67691 | Vaults:5 | Reached XP level 25. HP: 192/192 MP: 32/32
 67703 | Vaults:5 | Identified the +0 troll leather armour of Moral Flaws
                  | {rPois Regen+ Stlth+}
 67741 | Vaults:5 | You pick up a book of Air and begin reading...
 67741 | Vaults:5 | You add the spells Shock and Airstrike to your library.
 67766 | Vaults:5 | You pick up a book of Ice and begin reading...
 67769 | Vaults:5 | You pick up a book of Chaos and begin reading...
 67769 | Vaults:5 | You add the spells Conjure Ball Lightning and Disjunction
                  | to your library.
 68052 | Vaults:5 | Found Ijutheol's Antique Weapon Boutique.
 68059 | Vaults:5 | Identified the ring "Telli" {rC+ rN+ Str+6}
 68076 | Vaults:5 | You pick up a book of Power and begin reading...
 68077 | Vaults:5 | Identified the staff of Xano {rElec Conj}
 68680 | Zot:1    | Entered Level 1 of the Realm of Zot
 68746 | Zot:3    | Reached skill level 23 in Unarmed Combat
 68863 | Zot:5    | Entered Level 5 of the Realm of Zot
 69244 | Zot:5    | Noticed an ancient lich
 69248 | Zot:5    | Noticed an orb of fire
 69252 | Zot:5    | Noticed an orb of fire
 69253 | Zot:5    | Noticed a Killer Klown
 69255 | Zot:5    | Killed an electric golem
 69256 | Zot:5    | Killed a Killer Klown
 69257 | Zot:5    | Noticed an orb of fire
 69258 | Zot:5    | Noticed an orb of fire
 69265 | Zot:5    | Killed an orb of fire
 69268 | Zot:5    | Killed an orb of fire
 69271 | Zot:5    | Reached skill level 22 in Fighting
 69283 | Zot:5    | Noticed an ancient lich
 69292 | Zot:5    | Killed an ancient lich
 69320 | Zot:5    | Got the Orb of Zot
 69320 | Zot:5    | Noticed an orb of fire
 69384 | Zot:5    | Noticed Nedeid the pandemonium lord
 69386 | Zot:5    | Noticed Zabeoq the pandemonium lord
 69425 | Zot:3    | Noticed Kuheesio the pandemonium lord
 69522 | Depths:4 | Noticed Eriompinu the pandemonium lord
 69537 | Depths:4 | Killed Eriompinu the pandemonium lord
 69538 | Depths:4 | Reached skill level 24 in Unarmed Combat
 69743 | D:12     | Identified the +4 tower shield "Yliocei" {rC+ Str+2}
 69907 | D:8      | Noticed Emiolluh the pandemonium lord
 70039 | D:$      | Escaped with the Orb!

Vanquished Creatures
  An ancient lich (Zot:5)
  Mara (Spider:3)
  2 orbs of fire (Zot:5)
  Sojobo (Vaults:2)
  A Killer Klown (Zot:5)
  A pandemonium lord (Depths:4)
  Vv (Depths:2)
  Saint Roka (D:15)
  Nikola (Spider:3)
  5 golden dragons
  2 Brimstone Fiends (Depths:4)
  Jorgrun (Orc:1)
  5 tentacled monstrosities
  An Ice Fiend (Depths:3)
  2 liches
  A walking earthen tome (Depths:4)
  16 Orb Guardians
  3 deep elf blademasters (Elf:3)
  2 titans (Vaults:5)
  3 deep elf master archers (Elf:3)
  2 quicksilver dragons
  3 sphinxes
  5 death cobs
  An Executioner (D:12)
  The ghost of Rehacw the Warrior, an adept HOMo of Beogh (Depths:3)
  A kraken (Shoals:4)
  8 draconian monks
  2 storm dragons (Depths:4)
  Kirke (Spider:4)
  2 shadow dragons
  6 tengu reavers
  Ilsuiw (Shoals:4)
  A revenant (Depths:2)
  4 fire giants
  A daeva (D:12)
  9 frost giants
  10 vault wardens
  5 emperor scorpions
  6 deep elf elementalists (Elf:3)
  Louise (Depths:3)
  5 deep elf sorcerers
  A draconian shifter (Zot:5)
  A ghost moth (Spider:4)
  A balrug (Depths:2)
  7 broodmothers
  A caustic shrike zombie (Depths:2)
  A draconian stormcaller (Depths:4)
  3 cacodemons
  7 orc warlords
  6 very ugly things
  A war gargoyle (Vaults:5)
  A spriggan defender (Depths:4)
  3 draconian annihilators (Depths:4)
  2 juggernaut skeletons
  A caustic shrike skeleton (Depths:2)
  12 ironbound preservers
  2 reapers (Depths:2)
  5 stone giants
  2 formless jellyfish
  5 green draconians
  8 ironbound thunderhulks
  2 demonspawn black suns
  A lorocyproca (D:15)
  5 deep elf demonologists
  8 deep elf annihilators
  3 yellow draconians (Zot:5)
  12 red draconians
  5 vampire knights
  6 white draconians
  13 dire elephants
  4 black draconians
  13 purple draconians
  8 deep elf death magi
  12 merfolk impalers
  2 blizzard demons
  6 fire dragons
  8 ettins
  A crystal guardian (Vaults:2)
  5 entropy weavers
  3 jiangshi (Depths:2)
  Josephine (D:10)
  5 merfolk javelineers
  4 deep elf high priests (Elf:3)
  8 yaktaur captains
  3 great orbs of eyes
  6 hydras
  11 ice dragons
  Harold (D:11)
  A catoblepas (Lair:4)
  A juggernaut simulacrum (Depths:3)
  4 jorogumos
  2 peacekeepers
  21 vault guards
  3 spriggan air magi
  3 ogre magi (Vaults:5)
  5 merfolk avatars
  An anaconda (Lair:5)
  5 radroaches
  4 merfolk aquamancers
  4 alligator snapping turtles (Shoals:4)
  18 centaur warriors
  8 boulder beetles
  17 ironbound frosthearts
  7 deep troll shamans
  7 tengu warriors
  A death knight (D:15)
  3 sphinx skeletons
  A death yak (D:12)
  5 satyrs
  2 two-headed ogres
  3 vampire magi
  3 hell hogs (Depths:2)
  24 dancing weapons
  3 orc high priests (Elf:1)
  7 deep troll earth magi
  6 spriggan berserkers
  Nergalle (D:11)
  8 hell knights
  21 deep elf knights
  7 demonic crawlers
  4 skysharks
  4 sun demons
  4 soul eaters
  3 pharaoh ants
  2 sun moths (Spider:4)
  3 skeletal warriors (D:15)
  A fire crab (Lair:4)
  3 spriggans
  A cherub (Zot:5)
  A goliath frog (Vaults:2)
  10 iron trolls
  12 sea snakes
  A spark wasp zombie (D:15)
  2 sixfirhies
  A golden dragon zombie (Depths:2)
  3 flayed ghosts (Depths:2)
  3 death drakes (Depths:4)
  54 deep trolls
  8 orb spiders
  A swamp dragon (Lair:5)
  2 tengu zombies (Depths:2)
  A shadow demon (Depths:4)
  2 orange crystal statues
  7 phantasmal warriors
  4 necromancers
  10 orc knights
  2 glowing orange brains
  18 ironbound convokers
  4 lindwurms
  35 deep elf pyromancers
  20 deep elf archers
  3 steelbarb worms
  38 harpies
  A manticore (shapeshifter) (Elf:2)
  7 arcanists
  28 deep elf zephyrmancers
  17 wolf spiders
  5 orc sorcerers
  13 moths of wrath
  38 ugly things
  15 manticores
  A frost giant zombie (Depths:1)
  11 fauns
  An iron dragon zombie (Depths:1)
  7 cyclopes
  15 elephants
  2 iron dragon skeletons (Depths:2)
  3 merfolk sirens
  2 smoke demons (Depths:2)
  17 vault sentinels
  4 black mambas
  A stone giant skeleton (Depths:2)
  A frost giant skeleton (Depths:2)
  6 water nymphs
  8 torpor snails
  A gargoyle (D:11)
  A large abomination (D:1)
  2 orange demons (Depths:1)
  A hellion (D:8)
  10 cane toads
  30 rime drakes
  An unseen horror (D:13)
  20 yaktaurs
  An efreet (D:13)
  7 komodo dragons
  6 tengu conjurers
  An anaconda simulacrum (D:12)
  A spark wasp simulacrum (Depths:3)
  4 ice devils
  A red devil (D:4)
  2 spriggan skeletons (Depths:2)
  8 trolls
  34 merfolk
  25 polar bears
  A tengu simulacrum (Depths:3)
  7 wind drakes
  3 hornets
  28 tarantellas
  A blink frog (shapeshifter) (D:11)
  A hornet (shapeshifter) (D:13)
  2 glass eyes
  17 blink frogs
  14 snapping turtles
  A shadow dragon simulacrum (Depths:3)
  26 jumping spiders
  2 raiju (Lair:5)
  50 slime creatures
  2 spriggan zombies (Depths:2)
  29 culicivoras
  2 air elementals
  2 centaur simulacra (D:11)
  4 flying skulls (Depths:2)
  A jumping spider (shapeshifter) (Vaults:4)
  A culicivora (shapeshifter) (Elf:3)
  2 ynoxinuls
  A shadow (D:7)
  53 yaks
  3 fire elementals
  5 wraiths
  6 wyverns
  12 water elementals
  2 hogs (Spider:4)
  A steam dragon (D:6)
  3 basilisks
  A neqoxec (Zot:3)
  A fire bat (shapeshifter) (Depths:1)
  5 vampire mosquitoes
  58 redbacks
  6 wargs
  A glowing shapeshifter zombie (Depths:2)
  5 acid dragons
  15 hell hounds (Lair:5)
  17 water moccasins
  4 ice beasts
  46 orc warriors
  16 black bears
  2 sky beasts
  9 centaurs
  A small abomination (Depths:1)
  27 wolves
  9 ogres
  A phantom (D:11)
  A kobold brigand (Sewer)
  14 bullfrogs
  4 scorpions
  4 necrophages (Lair:2)
  A glowing shapeshifter simulacrum (Depths:1)
  3 gnoll sergeants
  A two-headed ogre simulacrum (D:12)
  An earth elemental (Elf:1)
  8 wights
  A troll zombie (D:11)
  4 howler monkeys
  9 hounds
  A jelly (D:4)
  34 orc priests
  3 gnoll boudas
  2 sleepcaps
  8 iguanas
  37 orc wizards
  A wolf simulacrum (D:12)
  7 ogre zombies (D:11)
  Robin (D:3)
  28 gnolls
  A naga simulacrum (D:12)
  10 adders
  3 river rats (Sewer)
  A shadow imp (D:5)
  5 white imps
  5 ufetubi
  6 worms
  2 dart slugs
  131 orcs
  8 endoplasms
  4 giant cockroaches
  4 gnoll zombies (D:11)
  22 goblins
  6 hobgoblins
  6 jackals (Sewer)
  9 quokkas
  7 ball pythons
  4 bats
  7 frilled lizards
  13 kobolds
  6 orc skeletons (D:11)
  15 orc zombies (D:11)
  11 rats
2149 creatures vanquished.

Vanquished Creatures (collateral kills)
  An electric golem (Zot:5)
  A tentacled monstrosity (Vaults:5)
  4 Orb Guardians (Zot:5)
  2 sphinxes (Vaults:5)
  A storm dragon (Vaults:5)
  A daeva (Zot:5)
  A tengu reaver (Vaults:5)
  A shadow dragon (Vaults:5)
  An ironbound preserver (Vaults:5)
  3 stone giants (Vaults:5)
  2 very ugly things (Vaults:5)
  A black draconian (Zot:5)
  A yellow draconian (Zot:5)
  A red draconian (Zot:5)
  3 deep elf high priests (Vaults:5)
  6 vault guards (Vaults:5)
  A deep troll earth mage (Vaults:5)
  A sixfirhy (Zot:5)
  An ironbound convoker (Vaults:5)
  6 harpies
  A phantasmal warrior (Vaults:5)
  An elephant (Gauntlet)
  A black mamba (shapeshifter) (Vaults:5)
  An eye of devastation (shapeshifter) (Vaults:5)
  5 yaktaurs (Vaults:5)
  6 yaks (Lair:4)
  3 wolves (Lair:4)
57 creatures vanquished.

Vanquished Creatures (others)
  An ancient lich (Zot:5)
  A tentacled monstrosity (Zot:5)
  3 Orb Guardians (Zot:5)
  A death cob (Zot:5)
  A draconian knight (Zot:5)
  2 frost giants (Vaults:5)
  4 vault wardens (Vaults:5)
  A deep elf elementalist (Elf:3)
  An ironbound preserver (Vaults:5)
  A stone giant (Vaults:5)
  A red draconian (Zot:5)
  A deep elf demonologist (Vaults:5)
  An ettin (Vaults:5)
  2 yaktaur captains (Vaults:5)
  2 vault guards (Vaults:5)
  An ogre mage (Vaults:5)
  A phantasmal warrior (Vaults:5)
  An ironbound convoker (Vaults:5)
  3 moths of wrath (Zot:5)
  A merfolk siren (Shoals:4)
  2 vault sentinels (Vaults:5)
  6 yaktaurs (Vaults:5)
  A polar bear (IceCv)
  A tarantella (Spider:3)
  A troll (shapeshifter) (Vaults:5)
  A human (Spider:4)
  A redback (Spider:3)
  An orc (Depths:1)
  2 lurking horrors (Spider:3)
  10 tentacles (Shoals:4)
56 creatures vanquished.

Grand Total: 2262 creatures vanquished

Table legend:
 A = Non-vault XP
 B = Vault XP
 C = Vault XP percentage of total XP
 D = Non-vault monster count
 E = Vault monster count
 F = Vault count percentage of total count
                 A         B        C        D         E       F
            +---------+---------+-------+---------+---------+-------
      Total |  528547 |  528614 |  50.0 |    1257 |     920 |  42.3
            +---------+---------+-------+---------+---------+-------
        D:1 |      26 |       0 |   0.0 |      18 |       0 |   0.0
        D:2 |      73 |       3 |   3.9 |      21 |       2 |   8.7
        D:3 |      74 |      33 |  30.8 |      17 |      10 |  37.0
        D:4 |     506 |       0 |   0.0 |      27 |       0 |   0.0
        D:5 |     686 |     584 |  46.0 |      23 |      14 |  37.8
        D:6 |    1277 |       0 |   0.0 |      26 |       0 |   0.0
        D:7 |    1171 |       0 |   0.0 |      22 |       0 |   0.0
        D:8 |     816 |       0 |   0.0 |      25 |       0 |   0.0
        D:9 |    1714 |       0 |   0.0 |      22 |       0 |   0.0
       D:10 |    1437 |    1921 |  57.2 |       8 |       9 |  52.9
       D:11 |    1873 |    6068 |  76.4 |      13 |      55 |  80.9
       D:12 |    5131 |    4036 |  44.0 |      20 |      14 |  41.2
       D:13 |    9061 |     116 |   1.3 |      32 |       1 |   3.0
       D:14 |    9896 |   13044 |  56.9 |      21 |      20 |  48.8
       D:15 |   14297 |    9279 |  39.4 |      29 |      12 |  29.3
     Lair:1 |    4241 |    1202 |  22.1 |      19 |       7 |  26.9
     Lair:2 |    3292 |    3464 |  51.3 |      16 |      17 |  51.5
     Lair:3 |    7642 |       0 |   0.0 |      35 |       0 |   0.0
     Lair:4 |   17590 |     409 |   2.3 |      50 |       2 |   3.8
     Lair:5 |    7889 |   12979 |  62.2 |      29 |      70 |  70.7
   Shoals:1 |   11540 |       0 |   0.0 |      25 |       0 |   0.0
   Shoals:2 |   21327 |       0 |   0.0 |      40 |       0 |   0.0
   Shoals:3 |   12253 |       0 |   0.0 |      21 |       0 |   0.0
   Shoals:4 |   26327 |   28092 |  51.6 |      49 |      47 |  49.0
   Spider:1 |   13767 |    4306 |  23.8 |      34 |       9 |  20.9
   Spider:2 |   19119 |     283 |   1.5 |      46 |       1 |   2.1
   Spider:3 |   17958 |    6679 |  27.1 |      56 |       2 |   3.4
   Spider:4 |   11840 |   23185 |  66.2 |      28 |      45 |  61.6
      Orc:1 |    4194 |    2262 |  35.0 |      45 |       5 |  10.0
      Orc:2 |    2702 |    5402 |  66.7 |      40 |      71 |  64.0
      Elf:1 |   12832 |   13471 |  51.2 |      20 |      21 |  51.2
      Elf:2 |   20947 |   26116 |  55.5 |      35 |      34 |  49.3
      Elf:3 |   19979 |   41988 |  67.8 |      33 |      37 |  52.9
   Vaults:1 |   16842 |   12421 |  42.4 |      23 |      19 |  45.2
   Vaults:2 |   44571 |   25062 |  36.0 |      67 |      27 |  28.7
   Vaults:3 |    7587 |   31107 |  80.4 |      12 |      37 |  75.5
   Vaults:4 |   19347 |   15691 |  44.8 |      29 |      21 |  42.0
   Vaults:5 |   11264 |   63433 |  84.9 |      20 |      68 |  77.3
   Depths:1 |   12656 |    1083 |   7.9 |      19 |       5 |  20.8
   Depths:2 |   38041 |   37879 |  49.9 |      46 |      47 |  50.5
   Depths:3 |   26784 |    8337 |  23.7 |      32 |       9 |  22.0
   Depths:4 |   23399 |   59769 |  71.9 |      28 |      52 |  65.0
      Zot:1 |     520 |    1986 |  79.2 |       1 |       2 |  66.7
      Zot:2 |     490 |       0 |   0.0 |       1 |       0 |   0.0
      Zot:3 |   16101 |       0 |   0.0 |      10 |       0 |   0.0
      Zot:4 |    1574 |       0 |   0.0 |       1 |       0 |   0.0
      Zot:5 |   25894 |   41256 |  61.4 |      23 |      22 |  48.9
      Sewer |       0 |     208 | 100.0 |       0 |      27 | 100.0
     Bailey |       0 |    1897 | 100.0 |       0 |      30 | 100.0
      IceCv |       0 |   22419 | 100.0 |       0 |      47 | 100.0
   Gauntlet |       0 |    1144 | 100.0 |       0 |       2 | 100.0
            +---------+---------+-------+---------+---------+-------

Skill      XL: |  1  2  3  4  5  6  7  8  9 10 11 12 13 14 15 16 17 18 19 20 21 22 23 24 25 |
---------------+----------------------------------------------------------------------------+-----
Stealth        | 2 3 5 |  5.0
Unarmed Combat | 4 7 11 12 14 15 16 18 19 20 21 22 24 | 24.2
Fighting       | 2 3 5 7 8 9 10 12 13 14 16 18 19 21 22 | 22.7
Dodging        | 3 5 7 8 9 10 12 | 12.0
Evocations     | 4 8 |  8.0
Shields        | 8 10 11 14 15 | 15.0
Shapeshifting  | 4 10 11 15 16 19 20 | 20.0
Translocations | 6 12 | 12.0
Spellcasting   | 6 |  6.0

Action                     |  1- 3 |  4- 6 |  7- 9 | 10-12 | 13-15 | 16-18 | 19-21 | 22-24 | 25-27 || total
---------------------------+-------+-------+-------+-------+-------+-------+-------+-------+-------++-------
  Melee: Unarmed           |    54 |    73 |     2 |   590 |  1446 |   967 |   972 |   834 |   185 ||  5123
         Constrict         |    13 |    22 |    62 |   110 |   172 |   208 |   164 |   168 |    33 ||   952
         Tentacles         |    13 |    20 |    51 |   156 |   435 |   297 |   281 |   264 |    56 ||  1573
         Punch             |     1 |     1 |     6 |    61 |   178 |   131 |   160 |   175 |    37 ||   750
         Spear             |       |    26 |   322 |     9 |       |       |       |       |       ||   357
         Maw               |       |       |       |       |   447 |       |       |       |       ||   447
  Throw: Dart              |     1 |     8 |     9 |    10 |   105 |       |       |       |       ||   133
   Cast: Manifold Assault  |       |       |       |       |       |       |    17 |    10 |       ||    27
         Blink             |       |       |       |       |       |       |     3 |       |       ||     3
 Invoke: Call Merchant     |       |       |       |     2 |     3 |     1 |     2 |     1 |       ||     9
         Potion Petition   |       |       |       |       |     1 |     1 |       |       |       ||     2
         Bribe Branch      |       |       |       |       |       |       |       |     1 |     1 ||     2
  Evoke: Wand              |       |       |       |    33 |    15 |     6 |     6 |     2 |     3 ||    65
         Box of beasts     |       |       |       |       |       |     1 |     1 |       |       ||     2
    Use: Scroll            |     3 |     2 |    14 |    11 |    15 |    11 |     2 |    14 |    10 ||    82
         Potion            |       |       |     4 |    14 |     2 |     1 |       |       |     5 ||    26
   Stab: Sleeping          |    14 |    20 |    22 |    19 |    36 |    37 |    37 |    21 |     7 ||   213
         Distracted        |       |     2 |     1 |     8 |    13 |    16 |    17 |    15 |     2 ||    74
         Paralysed         |       |       |       |    18 |     4 |       |       |       |       ||    22
         Invisible         |       |       |       |    13 |     2 |       |       |       |     6 ||    21
 Armour: Skin              |    11 |    28 |    99 |   175 |   379 |   484 |   321 |   292 |    61 ||  1850
  Dodge: Dodged            |    12 |    31 |   170 |   415 |   847 |  1024 |   929 |   616 |   171 ||  4215
  Block: Buckler           |       |       |       |    17 |       |       |       |       |       ||    17
         Kite shield       |       |       |       |   145 |   818 |  1303 |  1063 |   903 |   188 ||  4420
         Form:             |       |       |       |     2 |       |       |       |       |       ||     2
         Beast             |       |       |       |     2 |       |       |       |       |       ||     2
         Maw               |       |       |       |       |     1 |       |       |       |       ||     1
         Statue            |       |       |       |       |     1 |       |       |       |       ||     1

Illustrated notes

Table legend:
 A = Kills in this place as a percentage of kills in the entire game.
 B = Kills by you in this place as a percentage of kills by you in the entire game.
 C = Kills by friends in this place as a percentage of kills by friends in the entire game.
 D = Other kills in this place as a percentage of other kills in the entire game.
 E = Experience gained in this place as a percentage of experience gained in the entire game.
 F = Experience gained in this place divided by the number of levels of this place that you have seen.
                   A       B       C       D       E      F
               +-------+-------+-------+-------+-------+----------------------
         Total | 100.0 | 100.0 | 100.0 | 100.0 | 100.0 | 20641.6
       Dungeon |  21.4 |  22.0 |   0.0 |   0.0 |   8.6 | 6268.9
          Lair |  11.1 |  11.0 |  16.1 |   0.0 |   5.4 | 11741.6
        Shoals |   8.2 |   8.4 |   1.8 |  11.1 |   9.1 | 24884.8
   Spider Nest |  10.0 |  10.3 |   0.0 |   0.0 |   8.9 | 24284.2
  Orcish Mines |   7.3 |   7.5 |   0.0 |   0.0 |   1.3 | 7280.0
   Elven Halls |   8.1 |   8.3 |   0.0 |  11.1 |  12.4 | 45111.0
        Vaults |  14.6 |  13.2 |  64.3 |  33.3 |  22.6 | 49465.0
        Depths |  11.5 |  11.8 |   0.0 |   0.0 |  20.8 | 57023.5
           Zot |   3.1 |   2.6 |  16.1 |  44.4 |   8.6 | 18721.0
         Sewer |   1.2 |   1.3 |   0.0 |   0.0 |   0.0 | 208.0
        Bailey |   1.4 |   1.4 |   0.0 |   0.0 |   0.2 | 1897.0
      Ice Cave |   2.1 |   2.2 |   0.0 |   0.0 |   2.0 | 22419.0
      Gauntlet |   0.1 |   0.0 |   1.8 |   0.0 |   0.1 | 1144.0
               +-------+-------+-------+-------+-------+----------------------

Table legend: (Time is in decaauts)
 A = Elapsed time spent in this place.
 B = Non-inter-level travel time spent in this place.
 C = Inter-level travel time spent in this place.
 D = Time resting spent in this place.
 E = Time spent auto-exploring this place.
 F = Levels seen in this place.
 G = Mean time per level.
                   A        B        C        D        E       F      G
               +--------+--------+--------+--------+--------+-----+--------+
         Total |  86460 |  75215 |  11245 |  13267 |  44810 |  53 | 1631.3 |
       Dungeon |  24657 |  19652 |   5005 |   4126 |  11483 |  15 | 1643.8 |
        Temple |     14 |     14 |      0 |      0 |      0 |   1 |   14.0 |
          Lair |  14413 |  12302 |   2111 |   4038 |   5495 |   5 | 2882.6 |
        Shoals |   7920 |   7620 |    300 |   1656 |   4162 |   4 | 1980.0 |
   Spider Nest |   6860 |   6323 |    537 |    478 |   4524 |   4 | 1715.0 |
  Orcish Mines |   3584 |   3172 |    412 |    655 |   1596 |   2 | 1792.0 |
   Elven Halls |   5244 |   4850 |    394 |    921 |   2842 |   3 | 1748.0 |
        Vaults |  11459 |   9986 |   1473 |    355 |   7848 |   5 | 2291.8 |
        Depths |   8041 |   7038 |   1003 |    544 |   5083 |   4 | 2010.2 |
           Zot |   1097 |   1092 |      5 |      0 |    484 |   5 |  219.4 |
         Trove |     79 |     79 |      0 |      0 |      0 |   1 |   79.0 |
         Sewer |    592 |    592 |      0 |      4 |    384 |   1 |  592.0 |
        Bailey |    557 |    557 |      0 |     75 |    130 |   1 |  557.0 |
      Ice Cave |   1439 |   1439 |      0 |    266 |    675 |   1 | 1439.0 |
      Gauntlet |    496 |    496 |      0 |    146 |    101 |   1 |  496.0 |
               +--------+--------+--------+--------+--------+-----+--------+

Top non-repeatable levels by time:
  Lair:4: 3281 daAuts
Vaults:2: 3216 daAuts
  Lair:3: 3150 daAuts
    D:11: 2982 daAuts
  Lair:2: 2864 daAuts
Shoals:4: 2784 daAuts
  Lair:5: 2575 daAuts
  Lair:1: 2541 daAuts
   Orc:2: 2410 daAuts
    D:15: 2408 daAuts
Depths:4: 2396 daAuts
    D:14: 2297 daAuts
Vaults:3: 2285 daAuts
Spider:2: 2239 daAuts
Depths:2: 2185 daAuts
